 Dungeon Crawl Stone Soup version 0.32-a0-290-g598725c5f2 (webtiles) character file.

Game seed: 1246630041750030348

2 Bravepunisher the Ducker (level 1, -1/11 HPs)
             Began as a Spriggan Monk on Feb 13, 2024.
             Slain by a quokka (3 damage)
             ... on level 3 of the Dungeon.
             The game lasted 00:00:43 (175 turns).

Bravepunisher the Ducker (Spriggan Monk)             Turns: 175, Time: 00:00:43

Health: -1/11      AC:  2    Str:  7    XL:     1   Next: 25%
Magic:  2/2        EV: 18    Int: 11    God:
Gold:   0          SH:  0    Dex: 17    Spells: 0/0 levels left

rFire   . . .        a - +0 short sword
rCold   . . .        (no shield)
rNeg    . . .        b - +0 robe
rPois   .            (helmet restricted)
rElec   .            (no cloak)
rCorr   .            (gloves unavailable)
SInv    +            (boots unavailable)
Will    .....        (no amulet)
Stlth   ++           (no ring)
HPRegen 0.21/turn    (no ring)
MPRegen 0.08/turn

%: no passive effects
@: very quick
A: very small, no large weapons, unfitting armour, see invisible, speed 3
a: no special abilities


You were on level 3 of the Dungeon.
You visited 1 branch of the dungeon, and saw 3 of its levels.

Inventory:

Hand Weapons
 a - a +0 short sword (weapon)
Armour
 b - a +0 robe (worn)
Scrolls
 d - 3 scrolls of identify {unknown}
Potions
 c - a potion of ambrosia


   Skills:
 + Level 2.4 Fighting
 - Level 3.2 Short Blades
 * Level 4.1 Dodging


You couldn't memorise any spells.
You didn't know any spells.
Your spell library was empty.

Dungeon Overview and Level Annotations

Branches:
Dungeon (3/15)

Altars:
Hepliaklqana


Innate Abilities, Weirdness & Mutations

You are very small and have problems with some larger weapons.
You are too small for most types of armour.
You have supernaturally acute eyesight. (SInv)
You cover ground extremely quickly. (Speed+++)


Message History

You climb downwards.
Found a scroll labelled JEEDUI NUNUEXONK.
There is a stone staircase leading up here.
You hit the quokka but do no damage. The quokka misses you.
You hit the quokka.
The quokka is severely wounded.
The quokka misses you.
You hit the quokka.
You kill the quokka!
d - a scroll labelled JEEDUI NUNUEXONK HP restored.
Found a stone staircase leading down.
A giant cockroach comes into view.
There is a stone staircase leading down here.
You climb downwards.
There is a stone staircase leading up here.
d - 2 scrolls labelled JEEDUI NUNUEXONK (gained 1)
A quokka comes into view.
A quokka is nearby!
Found a scroll labelled JEEDUI NUNUEXONK.
Found a hazy altar of Hepliaklqana.
Found a scroll labelled XYEBEO FYTU.
d - 3 scrolls labelled JEEDUI NUNUEXONK (gained 1)
Found 9 gold pieces.
Found a stone staircase leading down.
A ribbon worm comes into view.
The rat squeaks loudly.
The quokka attacks as it pursues you! The quokka misses you.
The quokka attacks as it pursues you! The quokka bites you.
The quokka twitches its whiskers.
You completely miss the rat. The rat misses you.
You barely miss the rat. The quokka bites you. The rat closely misses you.
You closely miss the rat. The quokka bites you.
* * * LOW HITPOINT WARNING * * *
The rat bites you but does no damage.
You closely miss the rat. The quokka barely misses you.
The rat completely misses you.
You hit the rat.
You kill the rat!
The quokka bites you.
You die...

.........# .. #
#..........# ...
## ......$...# .>.
.. ..........##.##
# ....w.....#...##
# ................
# ...?.≈≈≈≈≈≈≈≈≈.
# #†≈.......≈. ##
#@≈.###.#.≈.# #.
#r≈.#...#.≈.# #.
#.≈.#._.#.≈.# ##.
#.≈.#...#.≈.# #..
#.≈.#.###.≈.# #.#
#.≈.......≈.####.#
#.≈.≈≈≈≈≈≈≈..#...#
#..............###
##########...###


You could see a ribbon worm and a quokka.

Vanquished Creatures
  A quokka (D:2)
  A rat (D:3)
2 creatures vanquished.

Notes
Turn   | Place    | Note
-------+----------+-------------------------------------------
     0 | D:1      | Bravepunisher the Spriggan Monk began the quest for the
                  | Orb.
     0 | D:1      | Reached XP level 1. HP: 11/11 MP: 2/2
   144 | D:3      | Found a hazy altar of Hepliaklqana.
   175 | D:3      | Slain by a quokka

Illustrated notes

Levels and vault maps discovered:
D:1:      lordsloth_arrival_two_stooges, layout_basic, minmay_statues_item
D:2:      layout_basic, minmay_joined_circles, uniq_terence
D:3:      layout_basic, eat_drink_and_be_merry_uskayaw,
          mainiacjoe_overflow_brackets

Action                     || total
---------------------------++-------
  Melee: Short sword       ||     8
 Armour: Robe              ||     6
  Dodge: Dodged            ||     9

Table legend: (Time is in decaauts)
 A = Elapsed time spent in this place.
 B = Non-inter-level travel time spent in this place.
 C = Inter-level travel time spent in this place.
 D = Time resting spent in this place.
 E = Time spent auto-exploring this place.
 F = Levels seen in this place.
 G = Mean time per level.
                   A        B        C        D        E       F      G
               +--------+--------+--------+--------+--------+-----+--------+
         Total |    118 |    118 |      0 |      0 |     53 |   3 |   39.3 |
       Dungeon |    118 |    118 |      0 |      0 |     53 |   3 |   39.3 |
               +--------+--------+--------+--------+--------+-----+--------+

Top non-repeatable levels by time:
     D:3: 60 daAuts
     D:2: 32 daAuts
     D:1: 24 daAuts
